 Dungeon Crawl Stone Soup version 0.26.0-10-g1f06aea511 (webtiles) character file.

Game seed: 2269193917734304190

1099 EnegeticOcto the Cleaver (level 8, -2/68 HPs)
             Began as a Deep Dwarf Delver on Jan 14, 2021.
             Was a Priest of Okawaru.
             Killed from afar by a gargoyle (25 damage)
             ... with a stone arrow
             ... on level 7 of the Dungeon.
             The game lasted 00:05:05 (627 turns).

EnegeticOcto the Cleaver (Deep Dwarf Delver)         Turns: 627, Time: 00:05:06

Health: -2/68      AC:  8    Str: 19    XL:     8   Next: 10%
Magic:  12/12      EV:  8    Int: 10    God:    Okawaru [***...]
Gold:   33         SH:  0    Dex: 14    Spells: 7/7 levels left

rFire    . . .     SeeInvis .   k - +1 hand axe (distort)
rCold    . . .     Faith    .   (no shield)
rNeg     . . .     Spirit   .   j - +0 chain mail
rPois    .         Reflect  .   (no helmet)
rElec    .         Harm     .   (no cloak)
rCorr    .         Rampage  .   (no gloves)
Will     +....                  (no boots)
Stlth    ..........             l - amulet of magic regeneration
HPRegen  0.00/turn              (no ring)
MPRegen  0.38/turn              (no ring)

@: non-regenerating
A: damage resistance, heal wounds, sense surroundings 1, no regeneration
a: Heal Wounds, Renounce Religion, Heroism


You were on level 7 of the Dungeon.
You worshipped Okawaru.
Okawaru was most pleased with you.
You visited 2 branches of the dungeon, and saw 5 of its levels.

You collected 54 gold pieces.
You spent 21 gold pieces at shops.

Inventory:

Hand Weapons
 a - a +0 hand axe
 k - a +1 hand axe of distortion (weapon)
Armour
 b - a +0 leather armour
 j - a +0 chain mail (worn)
Jewellery
 l - an amulet of magic regeneration (around neck)
Wands
 g - a wand of digging (3) {@v3}
Scrolls
 c - a scroll of fog
 d - a scroll of magic mapping {@r5}
 e - a scroll of fear
 h - a scroll of amnesia {unknown}
 m - a scroll of immolation
 n - a scroll of identify {@r1}
Potions
 f - a potion of haste {@q4}
 i - a potion of degeneration


   Skills:
 - Level 2.6 Fighting
 * Level 8.8 Axes
 - Level 2.1 Dodging
 - Level 6.0 Stealth
 + Level 7.0 Invocations


You had 7 spell levels left.
You didn't know any spells.
Your spell library was empty.

Dungeon Overview and Level Annotations

Branches:
Dungeon (7/15)             Temple (1/1) D:5

Altars:
Cheibriados
Dithmenos
Fedhas
Kikubaaqudgha
Okawaru
Uskayaw
Wu Jian
Xom
The Shining One

Shops:
D:5 *(


Innate Abilities, Weirdness & Mutations

You are resistant to damage.
You can heal yourself by infusing magical energy.
You passively map a small area around you.
You do not regenerate.


Message History

You hit the orc warrior but do no damage.
Space warps horribly around the orc warrior!
The orc warrior is heavily wounded.
You closely miss the orc priest.
You hit the orc warrior but do no damage.
The orc warrior blinks!
You hit the orc priest.
Space warps horribly around the orc priest!
You kill the orc priest!
Okawaru accepts your kill. The phantom barely misses you.
You slash the phantom!
The phantom is moderately damaged.
The phantom blinks!
You closely miss the orc warrior.
The orc warrior is heavily wounded.
The orc warrior hits you with a +0 battleaxe!
You barely miss the orc warrior.
The orc warrior is heavily wounded.
You hit the orc warrior.
Space warps horribly around the orc warrior!
You kill the orc warrior!
Okawaru accepts your kill.
Okawaru will now gift you ammunition as you gain piety.
You have reached level 8!
You feel stronger.
You barely miss the phantom.
The phantom is moderately damaged.
The phantom closely misses you.
You hit the phantom but do no damage.
Space bends around the phantom.
The phantom is moderately damaged.
The phantom hits you.
You hit the phantom.
Space bends around the phantom.
The phantom is heavily damaged.
The phantom hits you but does no damage.
You slash the phantom!
Space bends around the phantom.
The phantom is almost destroyed.
You are no longer poisoned.
You hit the phantom.
Space warps horribly around the phantom.
You destroy the phantom!
Okawaru accepts your kill.
Your Invocations skill increases to level 7!
Found a scroll labelled WOGA SOHAR.
A gargoyle comes into view. It is wielding a +0 mace of protection.
An adder comes into view.
You see here a scroll labelled WOGA SOHAR.
Evoke which item? (* to show all) (? for menu, Esc to quit)
Aiming: Disintegrate
Press: ? - help, Shift-Dir - straight line, f - gargoyle
Aim: a gargoyle, wielding a +0 mace of protection (chance to affect: 48%)
The gargoyle resists with some effort.
The adder hisses angrily.
The now-empty wand crumbles to dust.
h - a scroll labelled WOGA SOHAR The gargoyle hurls a stone arrow at you.
The stone arrow misses you.
The gargoyle hurls a stone arrow at you.
The stone arrow hits you!
You hit the gargoyle but do no damage.
Space bends around the gargoyle.
The gargoyle is lightly damaged.
The gargoyle misses you.
You hit the gargoyle.
The gargoyle is moderately damaged.
You miss the adder. The adder bites you but does no damage.
The gargoyle closely misses you.
You barely miss the gargoyle.
The gargoyle is moderately damaged.
You hit the adder.
Space warps horribly around the adder!!
You kill the adder!
Okawaru accepts your kill.
You hit the gargoyle.
The gargoyle is heavily damaged.
The gargoyle blinks!
The gargoyle hits you with a +0 mace of protection!
You hit the gargoyle but do no damage.
Space warps horribly around the gargoyle!
The gargoyle is almost destroyed.
A sky beast comes into view.
Your chain mail prevents you from hitting the gargoyle.
The gargoyle is almost destroyed.
The gargoyle barely misses you.
You hit the gargoyle but do no damage.
The gargoyle is almost destroyed.
The gargoyle hurls a stone arrow at you.
The stone arrow hits you!!
* * * LOW HITPOINT WARNING * * *
You feel much better.
The gargoyle hurls a stone arrow at you.
The stone arrow hits you!
* * * LOW HITPOINT WARNING * * *
Your magical essence is drained by the effort!
You feel much better.
The gargoyle hurls a stone arrow at you.
The stone arrow hits you!!
You barely miss the gargoyle.
The gargoyle is almost destroyed.
The gargoyle hurls a stone arrow at you.
The stone arrow hits you!!
You die...

.................# ,
................# **
#####............# , ,
#................#
#...........#....# ,
#.....####..#....# *
#####.†...#####...)#*
,...................#
.......@.........).####
.......9.......#......#
,
,...........>>.........#
.......Y.......#[†....#
,
......................#
......................#
......................#
................##..###
.......*#..#


You could see a gargoyle and a sky beast.

Vanquished Creatures
  A gargoyle (D:7)
  An orc warrior (D:7)
  An ogre (D:5)
  A phantom (D:7)
  A bullfrog (D:7)
  A howler monkey (D:5)
  A centaur skeleton (D:5)
  2 orc priests
  An orc wizard (D:6)
  A worker ant (D:7)
  A worker ant zombie (D:5)
  3 gnolls (D:5)
  4 adders
  A white imp (D:5)
  A dart slug (D:5)
  10 orcs
  A giant cockroach (D:7)
  A leopard gecko skeleton (D:5)
33 creatures vanquished.

Notes
Turn   | Place    | Note
-------+----------+-------------------------------------------
     0 | D:5      | EnegeticOcto the Deep Dwarf Delver began the quest for the
                  | Orb.
     0 | D:5      | Reached XP level 1. HP: 20/20 MP: 1/1
    11 | D:5      | Found Vus Ynut's Weapon Shop.
    12 | D:5      | Found a staircase to the Ecumenical Temple.
    27 | Temple   | Entered the Ecumenical Temple
    66 | Temple   | Became a worshipper of Warmaster Okawaru
   131 | D:5      | Reached skill level 3 in Axes
   131 | D:5      | Reached skill level 1 in Invocations
   131 | D:5      | Reached XP level 2. HP: 8/27 MP: 1/3
   131 | D:5      | Reached XP level 3. HP: 9/33 MP: 1/4
   156 | D:5      | Reached skill level 4 in Axes
   156 | D:5      | Reached XP level 4. HP: 27/40 MP: 3/5
   205 | D:4      | Reached * piety under Okawaru
   303 | D:5      | Found Cyntachaxag's Assorted Antiques.
   304 | D:5      | Noticed an ogre
   328 | D:5      | Killed an ogre
   329 | D:5      | Reached skill level 5 in Axes
   329 | D:5      | Reached XP level 5. HP: 36/46 MP: 7/7
   369 | D:5      | Bought a scroll labelled XURADY SYRCH for 21 gold pieces
   411 | D:5      | Reached XP level 6. HP: 31/55 MP: 9/9
   450 | D:6      | Reached skill level 6 in Axes
   558 | D:7      | Noticed a gargoyle
   566 | D:7      | Killed a gargoyle
   566 | D:7      | Reached ** piety under Okawaru
   567 | D:7      | Reached skill level 7 in Axes
   567 | D:7      | Reached skill level 5 in Invocations
   567 | D:7      | Reached XP level 7. HP: 38/61 MP: 9/11
   577 | D:7      | Reached skill level 8 in Axes
   598 | D:7      | Reached *** piety under Okawaru
   599 | D:7      | Reached XP level 8. HP: 54/68 MP: 11/13
   610 | D:7      | Noticed a gargoyle
   627 | D:7      | Killed from afar by a gargoyle

Illustrated notes

Levels and vault maps discovered:
D:4:      layout_loops_ring, old_standard_altar, minitemple,
          nicolae_overflow_hidden_temple, serial_shops, kennysheep_mini,
          grunt_ministairs_14
D:5:      layout_basic, temple_statues, serial_shops, shop_statue, shop
D:6:      minmay_chambers_of_threes, layout_basic,
          minmay_fractal_squares_gapless_5
D:7:      layout_basic, nemelex_diamond_rough_becter
Temple:   jpeg_temple_island

Skill      XL: |  1  2  3  4  5  6  7  8 |
---------------+-------------------------+-----
Axes           | 3 4 5 7 8 |  8.8
Invocations    | 1 2 3 4 5 6 7 |  7.0
Fighting       | |  2.6
Dodging        | |  2.1
Stealth        | |  6.0

Action                   |  1- 3 |  4- 6 |  7- 9 || total
-------------------------+-------+-------+-------++-------
Melee: Hand axe          |    19 |    75 |    34 ||   128
 Abil: Heal Wounds       |     1 |     7 |     3 ||    11
Evoke: Wand              |       |     4 |     1 ||     5
  Use: Scroll            |       |     3 |       ||     3
Armor: Leather armour    |     2 |     5 |       ||     7
       Chain mail        |       |    48 |    10 ||    58
Dodge: Dodged            |    14 |    64 |     7 ||    85
